 Dungeon Crawl Stone Soup version 0.32-a0-32-g978bd804de (webtiles) character file.

Game seed: 16598532681305438936

125 Morbidden the Conjurer (level 5, 0/48 HPs)
             Began as an Oni Conjurer on Jan 20, 2024.
             Slain by an orc
             ... wielding a +0 flail
              (2 damage)
             ... on level 3 of the Dungeon.
             The game lasted 00:02:29 (2726 turns).

Morbidden the Conjurer (Oni Conjurer)               Turns: 2726, Time: 00:02:29

Health: 0/48       AC:  3    Str: 11    XL:     5   Next: 9%
Magic:  1/10       EV:  9    Int: 21    God:
Gold:   76         SH:  0    Dex:  7    Spells: 6/11 levels left

rFire   . . .        a - +0 club
rCold   . . .        (no shield)
rNeg    . . .        j - +0 robe
rPois   .            (helmet restricted)
rElec   .            (no cloak)
rCorr   .            (gloves unavailable)
SInv    .            (boots unavailable)
Will    +....        (no amulet)
Stlth   +            (no ring)
HPRegen 0.28/turn    (no ring)
MPRegen 0.12/turn

%: no passive effects
@: enlightened, flying
A: large, unfitting armour, horns 1, tough skin 1, double potion healing,
drunken brawling
a: no special abilities


You were on level 3 of the Dungeon.
You visited 1 branch of the dungeon, and saw 3 of its levels.

You collected 76 gold pieces.

Inventory:

Hand Weapons
 a - a +0 club (weapon)
Armour
 j - a +0 robe (worn)
Scrolls
 c - a scroll of revelation {unknown}
 e - a scroll of enchant armour {unknown}
 f - a scroll of immolation {unknown}
 h - 4 scrolls of teleportation {unknown}
 i - a scroll of amnesia {unknown}
 k - 2 scrolls of identify {unknown}
Potions
 b - a potion of magic
 d - 2 potions of enlightenment
 g - a potion of degeneration {unknown}


   Skills:
 * Level 1.0 Fighting
 * Level 0.2 Maces & Flails
 * Level 1.3 Armour
 * Level 2.1 Dodging
 + Level 1.4 Stealth
 + Level 0.1 Unarmed Combat
 * Level 3.5 Spellcasting
 * Level 4.6 Conjurations


You had 6 spell levels left.
You knew the following spells:

 Your Spells              Type           Power      Damage    Failure   Level
a - Magic Dart            Conj           92%        1d7       1%          1
b - Searing Ray           Conj           46%        2d6       3%          2
c - Sublimation of Blood  Necr           3%         N/A       19%         2

Your spell library contained the following spells:

 Spells                   Type           Power      Damage    Failure   Level
 Fulminant Prism          Conj/Alch      6%         3d7       43%         4
 Iskenderun's Mystic Bla  Conj/Tloc      13%        2d5       43%         4
 Petrify                  Alch/Erth      3%         N/A       77%         4
 Irradiate                Conj/Alch      6%         3d13      80%         5


Dungeon Overview and Level Annotations

Branches:
Dungeon (3/15)

Altars:

Shops:
D:1 =


Innate Abilities, Weirdness & Mutations

You are too large for most types of armour.
You have a pair of small horns on your head.
You have tough skin. (AC +1)
You gain doubled healing and magic from potions.
Whenever you drink a healing potion, you attack all around you.


Message History

* * * LOW HITPOINT WARNING * * *
The giant cockroach bites you.
* * * LOW HITPOINT WARNING * * *
Unknown command.
You hit the giant cockroach.
You kill the giant cockroach!
The orc completely misses you.
Unknown command.
Casting: Magic Dart (safe; 1% risk of failure)
Confirm with . or Enter, or press ? or * to list all spells.
Aiming: Magic Dart (safe; 1% risk of failure)
Press: ? - help, Shift-Dir - straight line, f - orc
Aim: an orc, wielding a +0 flail (100% to hit)
The magic dart hits the orc.
The orc is severely wounded.
The orc barely misses you.
Unknown command.
You barely miss the orc.
The orc is severely wounded.
The orc hits you but does no damage.
You closely miss the orc. Your headbutt misses the orc.
The orc is severely wounded.
The orc hits you with a +0 flail.
* * * LOW HITPOINT WARNING * * *
Unknown command.
You hit the orc.
The orc is almost dead.
The orc hits you with a +0 flail.
* * * LOW HITPOINT WARNING * * *
The orc barely misses you.
Unknown command.
You barely miss the orc.
The orc is almost dead.
The orc hits you but does no damage.
Unknown command.
Unknown command.
You completely miss the orc.
The orc is almost dead.
The orc hits you with a +0 flail.
You die...

..#......))....
..........>.o..
#.# #.## #..#
##.# #.# #o#
#@# #.# #.###
## #...#
#####....
###.### .#
##<....# #...#
.# ##..#####
###.## ..#
##..## #..##
... ...##
#.###..##.##


You could see an orc.

Vanquished Creatures
  An orc wizard (D:3)
  A gnoll (D:1)
  4 adders (D:2)
  A dart slug (D:2)
  2 orcs (D:3)
  6 ball pythons
  4 bats
  4 endoplasms
  3 giant cockroaches
  2 hobgoblins
  8 kobolds
  3 quokkas
  3 frilled lizards
  5 goblins
  2 rats
49 creatures vanquished.

Notes
Turn   | Place    | Note
-------+----------+-------------------------------------------
     0 | D:1      | Morbidden the Oni Conjurer began the quest for the Orb.
     0 | D:1      | Reached XP level 1. HP: 16/16 MP: 3/3
   228 | D:1      | Reached XP level 2. HP: 26/26 MP: 0/5
   280 | D:1      | Found a faded altar of an unknown god.
   451 | D:1      | Found Egeriv's Jewellery Emporium.
   546 | D:1      | Reached skill level 1 in Armour
   546 | D:1      | Reached skill level 4 in Conjurations
   546 | D:1      | Reached XP level 3. HP: 32/32 MP: 0/7
   549 | D:1      | Learned a level 2 spell: Searing Ray
  1709 | D:2      | Reached XP level 4. HP: 39/40 MP: 0/8
  1712 | D:2      | Learned a level 2 spell: Sublimation of Blood
  2711 | D:3      | Reached skill level 1 in Fighting
  2711 | D:3      | Reached XP level 5. HP: 17/48 MP: 1/10
  2724 | D:3      | HP: 1/48 [orc/+0 flail (4)]
  2726 | D:3      | Slain by an orc

Illustrated notes

Levels and vault maps discovered:
D:1:      mushboom_english_gardens, layout_basic, serial_shops,
          nicolae_shop_waterfront, ebering_ecumenical_altar_abandoned
D:2:      layout_basic, chequers_serial_rivers_room_b
D:3:      layout_rooms, hex_tiny, kennysheep_generic_room_3

Skill      XL: |  1  2  3  4 |
---------------+-------------+-----
Armour         | 1 |  1.3
Conjurations   | 4 |  4.6
Spellcasting   | 3 |  3.5
Dodging        | 2 |  2.1
Fighting       | 1 |  1.0
Maces & Flails | |  0.2
Stealth        | |  1.4
Unarmed Combat | |  0.1

Action                     |  1- 3 |  4- 6 || total
---------------------------+-------+-------++-------
  Melee: Unarmed           |     9 |       ||     9
         Headbutt          |     2 |     1 ||     3
         Club              |       |    19 ||    19
   Cast: Magic Dart        |    64 |    35 ||    99
         Sublimation of Bl |       |     1 ||     1
    Use: Potion            |       |     1 ||     1
 Armour: Robe              |     9 |    27 ||    36
  Dodge: Dodged            |     4 |    11 ||    15

Table legend: (Time is in decaauts)
 A = Elapsed time spent in this place.
 B = Non-inter-level travel time spent in this place.
 C = Inter-level travel time spent in this place.
 D = Time resting spent in this place.
 E = Time spent auto-exploring this place.
 F = Levels seen in this place.
 G = Mean time per level.
                   A        B        C        D        E       F      G
               +--------+--------+--------+--------+--------+-----+--------+
         Total |   2730 |   2586 |    144 |    240 |   2095 |   3 |  910.0 |
       Dungeon |   2730 |   2586 |    144 |    240 |   2095 |   3 |  910.0 |
               +--------+--------+--------+--------+--------+-----+--------+

Top non-repeatable levels by time:
     D:1: 1305 daAuts
     D:2: 1289 daAuts
     D:3: 135 daAuts
